 Dungeon Crawl Stone Soup version 0.29-a0-517-gbdf32494f2 (webtiles) character file.

Game seed: 10184859194893887644

128 DocClef the Covert (level 5, 0/47 HPs)
             Began as a Gnoll Delver on May 30, 2022.
             Was an Initiate of Okawaru.
             Succumbed to a scorpion's poison
             ... on level 6 of the Dungeon.
             The game lasted 00:02:40 (1997 turns).

DocClef the Covert (Gnoll Delver)                   Turns: 1997, Time: 00:02:41

Health: 0/47       AC:  3    Str: 14    XL:     5   Next: 12%
Magic:  7/7        EV: 13    Int:  9    God:    Okawaru [......]
Gold:   36         SH:  0    Dex: 13    Spells: 6/6 levels left

rFire   . . .      SeeInvis .   a - +0 short sword
rCold   . . .      Faith    .   (no shield)
rNeg    . . .      Spirit   .   b - +0 leather armour
rPois   .          Reflect  .   (no helmet)
rElec   .          Harm     .   (no cloak)
rCorr   .          Rampage  .   (no gloves)
Will    .....                   (no boots)
Stlth   ++++......              (no amulet)
HPRegen 0.15/turn               (no ring)
MPRegen 0.10/turn               (no ring)

@: lethally poisoned (0 -> -3), about to teleport, flying, hasted, very quick
A: fangs 1, strong nose, distributed training
a: Renounce Religion


You were on level 6 of the Dungeon.
You worshipped Okawaru.
Okawaru was noncommittal.
You visited 2 branches of the dungeon, and saw 4 of its levels.

You collected 36 gold pieces.

Inventory:

Hand Weapons
 a - a +0 short sword (weapon)
Armour
 b - a +0 leather armour (worn)
Wands
 g - a wand of digging (3)
Scrolls
 c - a scroll of fog
 d - a scroll of magic mapping
 i - a scroll of vulnerability {unknown}
 j - a scroll of enchant armour {unknown}
 k - a scroll of noise {unknown}
Potions
 l - a potion of flight


   Skills:
 + Level 6.6 Fighting
 + Level 4.7 Short Blades
 + Level 1.3 Long Blades
 + Level 1.3 Axes
 + Level 1.3 Maces & Flails
 + Level 1.3 Polearms
 + Level 1.3 Staves
 + Level 1.3 Slings
 + Level 1.3 Bows
 + Level 1.3 Crossbows
 + Level 1.3 Throwing
 + Level 1.3 Armour
 + Level 4.7 Dodging
 + Level 9.6 Stealth
 + Level 1.3 Shields
 + Level 1.3 Unarmed Combat
 + Level 1.3 Spellcasting
 + Level 1.1 Conjurations
 + Level 1.1 Hexes
 + Level 1.1 Summonings
 + Level 1.1 Necromancy
 + Level 1.1 Translocations
 + Level 1.1 Transmutations
 + Level 1.1 Fire Magic
 + Level 1.1 Ice Magic
 + Level 1.1 Air Magic
 + Level 1.1 Earth Magic
 + Level 1.1 Poison Magic
 + Level 1.5 Invocations
 + Level 1.3 Evocations


You had 6 spell levels left.
You didn't know any spells.
Your spell library was empty.

Dungeon Overview and Level Annotations

Branches:
Dungeon (7/15)             Temple (1/1) D:6

Altars:
Ashenzari
Cheibriados
Elyvilon
Fedhas
Makhleb
Nemelex Xobeh
Okawaru
Ru
Sif Muna
Trog
Vehumet
Zin
The Shining One


Innate Abilities, Weirdness & Mutations

You have very sharp teeth.
Your uncanny sense of smell can sniff out nearby items.
Your experience applies equally to all skills.


Message History

You hit the scorpion but do no damage. The scorpion closely misses you.
You hit the scorpion but do no damage.
You bite the scorpion, but do no damage.
The scorpion stings you!
You barely miss the scorpion.
The scorpion stings you but does no damage.
You completely miss the scorpion. The scorpion closely misses you.
You closely miss the scorpion. The scorpion stings you.
* * * LOW HITPOINT WARNING * * *
You barely miss the scorpion. The scorpion misses you.
You barely miss the scorpion. The scorpion barely misses you.
Unknown command.
The scorpion attacks as you move away! The scorpion closely misses you.
The scorpion attacks as you move away! The scorpion closely misses you.
The scorpion stings you.
* * * LOW HITPOINT WARNING * * *
You are lethally poisoned!
The scorpion poisons you!
As you read the scroll of fear, it crumbles to dust.
You assume a fearsome visage.
The scorpion looks frightened!
* * * LOW HITPOINT WARNING * * *
You feel very sick.
* * * LOW HITPOINT WARNING * * *
You feel sick.
It was a potion of flight.
You feel very buoyant.
You fly up into the air.
* * * LOW HITPOINT WARNING * * *
You feel sick.
* * * LOW HITPOINT WARNING * * *
You feel sick.
You feel yourself speed up.
* * * LOW HITPOINT WARNING * * *
You feel sick.
* * * LOW HITPOINT WARNING * * *
You feel sick.
Okay, then.
As you read the scroll labelled POOBAY LAGIAM, it crumbles to dust.
You feel strangely unstable.
It was a scroll of teleportation.
You die...

#..............#
#.......##..#.## ######
###........##.#..####....###
'.......##.##.##.##.........
######..#.........###....#.#
....................#....#.#
........#..⌠...⌠..#....###.#
#########.........#....'...#
#.....)..@.>.........##..#
#....<#.†.......#.##.##..#
+..(..#..⌠...⌠..#.##.##..#
#....................##..#
#######.........#..####..# ∆
##.##.##.###.# #..#
#.......# #.####..#
..####### #.......# ...
#########..###.#


There were no monsters in sight!

Vanquished Creatures
  A howler monkey (D:5)
  A jelly (D:6)
  3 gnolls
  An adder (D:6)
  A white imp (D:6)
  An ufetubus (D:6)
  A worm (D:6)
  2 orcs
  A kobold (D:6)
12 creatures vanquished.

Notes
Turn   | Place    | Note
-------+----------+-------------------------------------------
     0 | D:5      | Reached skill level 9 in Stealth
     0 | D:5      | DocClef the Gnoll Delver began the quest for the Orb.
     0 | D:5      | Reached XP level 1. HP: 23/23 MP: 1/1
     5 | D:5      | Noticed a howler monkey
    20 | D:5      | Killed a howler monkey
    21 | D:5      | Reached skill level 1 in Invocations
    21 | D:5      | Reached XP level 2. HP: 21/29 MP: 1/3
    21 | D:5      | Reached XP level 3. HP: 26/35 MP: 1/4
   236 | D:6      | Found a staircase to the Ecumenical Temple.
   244 | D:6      | Reached skill level 1 in Long Blades
   244 | D:6      | Reached skill level 1 in Axes
   244 | D:6      | Reached skill level 1 in Maces & Flails
   244 | D:6      | Reached skill level 1 in Polearms
   244 | D:6      | Reached skill level 1 in Staves
   244 | D:6      | Reached skill level 1 in Slings
   244 | D:6      | Reached skill level 1 in Bows
   244 | D:6      | Reached skill level 1 in Crossbows
   244 | D:6      | Reached skill level 1 in Throwing
   244 | D:6      | Reached skill level 1 in Armour
   244 | D:6      | Reached skill level 1 in Shields
   244 | D:6      | Reached skill level 1 in Unarmed Combat
   244 | D:6      | Reached skill level 1 in Spellcasting
   244 | D:6      | Reached skill level 1 in Evocations
   244 | D:6      | Reached XP level 4. HP: 41/41 MP: 5/5
   253 | Temple   | Entered the Ecumenical Temple
   333 | Temple   | Became a worshipper of Warmaster Okawaru
   348 | D:6      | Noticed a scorpion
  1047 | D:7      | Noticed a phantom
  1091 | D:6      | Reached skill level 1 in Conjurations
  1091 | D:6      | Reached skill level 1 in Hexes
  1091 | D:6      | Reached skill level 1 in Summonings
  1091 | D:6      | Reached skill level 1 in Necromancy
  1091 | D:6      | Reached skill level 1 in Translocations
  1091 | D:6      | Reached skill level 1 in Transmutations
  1091 | D:6      | Reached skill level 1 in Fire Magic
  1091 | D:6      | Reached skill level 1 in Ice Magic
  1091 | D:6      | Reached skill level 1 in Air Magic
  1091 | D:6      | Reached skill level 1 in Earth Magic
  1091 | D:6      | Reached skill level 1 in Poison Magic
  1281 | D:6      | HP: 2/41 [gnoll/+0 whip (7)]
  1699 | D:5      | Reached XP level 5. HP: 23/47 MP: 6/6
  1995 | D:6      | HP: 2/47 [poisoned by a scorpion]
  1997 | D:6      | Succumbed to a scorpion's poison

Illustrated notes

Levels and vault maps discovered:
D:5:      layout_cave_pools, kennysheep_another_room, uniq_edmund,
          uniq_crazy_yiuf_cottage, uniq_blork_the_orc
D:6:      layout_basic, nicolae_hepliaklqana_monster_ancestors,
          minmay_temple_entry_large_hall
D:7:      layout_gridville, nicolae_yredelemnul_corpse_copse, dk_vineyard_1,
          grunt_ministairs_12, nicolae_shop_sticking_my_neck_out
Temple:   dshaligram_water_room_temple

Skill      XL: |  1  2  3  4 |
---------------+-------------+-----
Stealth        | |  9.6
Invocations    | 1 |  1.5
Long Blades    | 1 |  1.3
Axes           | 1 |  1.3
Maces & Flails | 1 |  1.3
Polearms       | 1 |  1.3
Staves         | 1 |  1.3
Slings         | 1 |  1.3
Bows           | 1 |  1.3
Crossbows      | 1 |  1.3
Throwing       | 1 |  1.3
Armour         | 1 |  1.3
Shields        | 1 |  1.3
Unarmed Combat | 1 |  1.3
Spellcasting   | 1 |  1.3
Evocations     | 1 |  1.3
Conjurations   | 1 |  1.1
Hexes          | 1 |  1.1
Summonings     | 1 |  1.1
Necromancy     | 1 |  1.1
Translocations | 1 |  1.1
Transmutations | 1 |  1.1
Fire Magic     | 1 |  1.1
Ice Magic      | 1 |  1.1
Air Magic      | 1 |  1.1
Earth Magic    | 1 |  1.1
Poison Magic   | 1 |  1.1
Fighting       | |  6.6
Short Blades   | |  4.7
Dodging        | |  4.7

Action                   |  1- 3 |  4- 6 || total
-------------------------+-------+-------++-------
Melee: Short sword       |    11 |    88 ||    99
       Bite              |       |     7 ||     7
  Use: Scroll            |       |     2 ||     2
       Potion            |       |     2 ||     2
 Stab: Sleeping          |     1 |     1 ||     2
Armor: Leather armour    |       |    12 ||    12
Dodge: Dodged            |     6 |    67 ||    73

Table legend: (Time is in decaauts)
 A = Elapsed time spent in this place.
 B = Non-inter-level travel time spent in this place.
 C = Inter-level travel time spent in this place.
 D = Time resting spent in this place.
 E = Time spent auto-exploring this place.
 F = Levels seen in this place.
 G = Mean time per level.
                   A        B        C        D        E       F      G
               +--------+--------+--------+--------+--------+-----+--------+
         Total |   1987 |   1943 |     44 |    948 |    691 |   4 |  496.8 |
       Dungeon |   1893 |   1861 |     32 |    948 |    631 |   3 |  631.0 |
        Temple |     93 |     81 |     12 |      0 |     60 |   1 |   93.0 |
               +--------+--------+--------+--------+--------+-----+--------+

Top non-repeatable levels by time:
     D:6: 1476 daAuts
     D:7: 314 daAuts
     D:5: 102 daAuts
  Temple: 93 daAuts
